Map: Cerulean Fall LE

Players

Stropheum - Winner!

  • Race: Zerg Zerg
  • League: Master
  • Spawn Location: 7:00

sebas

  • Race: Protoss Protoss
  • League: Diamond
  • Spawn Location: 1:00

VOD

Have the link to the VOD?

Description

Time

  • Played on: Jan. 13, 2019, 12:46 a.m.
  • Length: 13:15
Show
View Real Time Build Order
Export as new Build Order

Stropheum Zerg - Winner!

Build Orders: Hatch First, Roach Hydra 

Get SALT Encoding   

  12  0:00  Drone  
  13  0:12  Overlord  
  13  0:17  Drone  
  14  0:30  Drone  
  15  0:46  Hatchery  
  15  0:49  Drone  
  15  0:52  Drone  
  15  0:56  Drone  
  17  1:00  Drone  
  18  1:09  Extractor  
  17  1:16  Spawning Pool  
  16  1:19  Drone  
  16  1:23  Drone  
  18  1:32  Drone  
  19  1:43  Drone  
  20  1:53  Overlord  
  20  2:04  Queen x2  
  20  2:05  Zergling x4  
  26  2:09  Drone  
  26  2:14  Metabolic Boost  
  27  2:16  Drone  
  29  2:22  Drone  
  29  2:26  Drone  
  30  2:38  Hatchery  
  30  2:39  Drone  
  30  2:45  Drone x2  
  30  2:50  Drone  
  33  2:52  Overlord  
  33  3:02  Zergling x2  
  33  3:03  Zergling x2  
  35  3:09  Zergling x2  
  36  3:13  Drone x6  
  36  3:15  Drone  
  43  3:22  Overlord  
  43  3:25  Evolution Chamber  
  42  3:27  Spore Crawler  
  42  3:29  Spore Crawler  
  40  3:37  Drone x3  
  43  3:45  Overlord  
  43  3:46  Drone x3  
  43  3:47  Drone x2  
  48  3:53  Zerg Melee Weapons Level 1  
  48  3:56  Queen  
  50  4:04  Roach Warren  
  50  4:05  Extractor  
  50  4:06  Extractor  
  50  4:09  Drone x2  
  50  4:10  Drone x2  
  50  4:13  Drone  
  52  4:24  Spore Crawler  
  52  4:28  Drone  
  52  4:36  Queen  
  52  4:37  Queen  
  56  4:45  Drone  
  57  4:46  Roach  
  57  4:47  Roach x4, Baneling Nest  
  57  4:49  Overlord x2  
  66  4:54  Lair  
  66  5:11  Overlord x2  
  66  5:12  Overlord  
  66  5:25  Roach x3  
  66  5:26  Roach x5  
  82  5:30  Zergling x2  
  82  5:31  Zergling x6  
  86  5:36  Baneling  
  86  5:37  Baneling x4  
  86  5:38  Baneling  
  85  5:52  Glial Reconstitution  
  85  5:58  Drone x6  
  85  5:59  Drone x6  
  85  6:03  Overlord  
  97  6:05  Overlord  
  97  6:07  Drone  
  97  6:09  Drone  
  99  6:18  Drone x4  
  100  6:21  Centrifical Hooks  
  103  6:26  Zerg Melee Weapons Level 2  
  103  6:27  Overlord  
  103  6:28  Overlord  
  103  6:35  Extractor  
  103  6:36  Extractor  
  103  6:37  Drone x6  
  107  6:46  Hatchery  
  106  7:00  Roach x9  
  124  7:02  Roach  
  124  7:04  Roach  
  128  7:16  Overseer  
  128  7:24  Drone  
  128  7:25  Overlord  
  128  7:26  Overlord x7  
  128  7:29  Infestation Pit  
  128  7:32  Hydralisk Den  
  128  7:33  Extractor  
  126  7:37  Overlord x2  
  126  7:38  Drone x3  
  129  7:50  Drone x7  
  136  7:57  Drone x2  
  135  8:03  Grooved Spines  
  109  8:16  Drone x8  
  111  8:20  Roach x7  
  117  8:36  Drone  
  117  8:37  Spore Crawler  
  117  8:38  Spine Crawler  
  117  8:39  Spore Crawler  
  117  8:40  Spine Crawler, Drone x4  
  117  8:41  Hydralisk x3, Roach x2  
  110  8:42  Roach, Spine Crawler  
  110  8:46  Zerg Missile Weapons Level 1  
  110  8:47  Overseer  
  119  8:50  Zergling x12  
  119  8:51  Zergling x2  
  119  8:52  Zergling x2  
  125  9:05  Hydralisk  
  125  9:06  Hydralisk x2, Roach x2  
  125  9:07  Roach  
  125  9:09  Hive  
  137  9:14  Spire  
  137  9:15  Muscular Augments  
  136  9:18  Hydralisk x3  
  136  9:19  Roach x3  
  148  9:36  Baneling x6  
  148  9:37  Baneling x10  
  148  9:39  Roach x2  
  148  9:40  Roach x6  
  148  9:42  Extractor  
  148  9:43  Extractor  
  159  9:48  Hydralisk  
  159  9:49  Hydralisk, Roach x2  
  159  9:51  Zergling x14  
  159  9:52  Zergling x2  
  153  10:04  Hydralisk x3  
  153  10:05  Hydralisk, Roach x3  
  158  10:10  Baneling  
  158  10:11  Baneling x2  
  153  10:29  Greater Spire  
  153  10:36  Zergling x2, Lurker Den  
  153  10:37  Zergling x34  
  153  10:42  Hydralisk  
  167  10:57  Zerg Missile Weapons Level 2  
  167  11:22  Corruptor x10  
  183  11:26  Roach x5  
  188  11:40  Extractor  
  188  11:41  Spore Crawler  
  188  11:42  Hatchery  
  188  11:45  Spine Crawler  
  188  11:46  Extractor  
  169  11:55  Brood Lord  
  169  11:56  Brood Lord x2  
  169  11:59  Drone x2  
  169  12:00  Drone x4  
  181  12:12  Brood Lord x2  
  181  12:13  Zergling x12  
  181  12:14  Zergling x16  
  199  12:43  Evolution Chamber  
  196  12:53  Baneling x17  
  196  12:54  Baneling x11  
Show
View Real Time Build Order
Export as new Build Order

sebas Protoss 

Build Orders: 1 Gate Expand, Oracle Opening 

Get SALT Encoding   

  12  0:04  Probe  
  13  0:16  Probe  
  14  0:28  Probe  
  14  0:31  Pylon  
  15  0:46  Probe  
  15  0:49  Gateway  
  16  0:52  Assimilator  
  16  0:54  Probe  
  16  1:03  Probe  
  18  1:15  Probe  
  19  1:33  Nexus  
  19  1:42  Cybernetics Core  
  19  1:46  Probe  
  20  1:53  Assimilator  
  20  1:58  Pylon  
  21  2:01  Probe  
  21  2:09  Stalker  
  21  2:13  Probe  
  22  2:21  Warp Gate  
  24  2:25  Probe  
  24  2:37  Probe, Adept  
  24  2:43  Stargate  
  25  2:48  Probe  
  25  2:50  Probe  
  29  3:00  Probe  
  29  3:04  Probe  
  31  3:08  Twilight Council  
  31  3:16  Gateway  
  31  3:17  Probe  
  31  3:18  Probe  
  33  3:27  Oracle  
  33  3:28  Probe  
  33  3:30  Probe  
  38  3:38  Probe  
  39  3:42  Probe  
  40  3:48  Shield Battery  
  40  3:49  Charge  
  40  3:50  Probe  
  40  3:55  Adept  
  43  3:57  Probe  
  43  4:02  Phoenix  
  44  4:04  Pylon  
  44  4:07  Pylon  
  46  4:18  Assimilator  
  46  4:22  Probe x2  
  48  4:34  Probe x2  
  50  4:41  Sentry, Adept  
  54  4:45  Assimilator  
  54  4:46  Probe x2  
  54  4:51  Phoenix  
  58  4:57  Gateway x2  
  58  4:58  Probe x2  
  60  5:12  Pylon  
  60  5:14  Pylon  
  60  5:17  Adept  
  62  5:26  Pylon  
  62  5:30  Probe x2  
  62  5:33  Gateway  
  62  5:34  Gateway  
  64  5:35  Adept  
  66  5:49  Adept  
  68  5:54  Nexus  
  68  5:56  Pylon  
  68  5:57  Pylon  
  68  5:58  Sentry, Pylon  
  68  6:00  Probe x2  
  72  6:06  Phoenix  
  72  6:10  Templar Archives  
  72  6:12  Probe  
  72  6:14  Probe  
  76  6:24  Probe  
  77  6:26  Probe  
  77  6:29  Psionic Storm  
  77  6:32  Zealot x3  
  84  6:33  Zealot  
  84  6:34  Phoenix  
  84  6:36  Probe  
  89  6:40  Probe  
  90  6:50  Zealot, High Templar  
  90  6:52  Probe  
  95  7:04  High Templar x3  
  101  7:12  Probe  
  102  7:20  High Templar  
  104  7:24  Probe  
  104  7:28  Gateway  
  104  7:29  Gateway, Probe  
  106  7:31  Gateway  
  106  7:34  Gateway  
  106  7:36  Shield Battery  
  106  7:39  Shield Battery  
  106  7:45  Zealot x5  
  106  7:48  Probe  
  106  7:49  Probe  
  101  8:03  Zealot  
  83  8:11  Zealot x5  
  84  8:22  Archon  
  84  8:25  Zealot  
  75  8:32  High Templar x3  
  75  8:33  High Templar, Probe  
  78  8:39  Probe  
  78  8:40  Probe  
  78  8:45  Probe  
  79  8:52  Probe x2  
  81  8:57  Probe  
  82  9:04  Probe  
  82  9:06  Zealot x5, Robotics Facility  
  82  9:07  Zealot  
  82  9:08  Robotics Facility  
  95  9:11  Zealot x2  
  95  9:14  Assimilator  
  95  9:15  High Templar  
  95  9:16  High Templar  
  103  9:17  Probe  
  105  9:24  Probe  
  105  9:25  Archon, Forge  
  105  9:26  Forge  
  105  9:27  Probe  
  105  9:30  Probe  
  107  9:40  Zealot x2  
  107  9:41  Zealot x2  
  107  9:42  Probe  
  83  10:09  Zealot x2  
  83  10:10  Sentry x4  
  83  10:13  Zealot x3  
  94  10:29  Pylon  
  94  10:32  Probe  
  94  10:33  Immortal x2  
  103  10:43  Probe x2  
  103  10:44  Probe  
  103  10:48  High Templar x2  
  110  10:52  Archon  
  110  10:59  Zealot x2  
  110  11:00  Probe x2  
  116  11:11  Observer  
  112  11:12  Observer  
  114  11:23  Pylon  
  114  11:26  Adept x4  
  114  11:29  Sentry x2  
  114  11:30  Adept  
  107  11:40  Adept x2  
  104  11:51  Probe x2  
  106  11:54  Probe  
  106  11:59  Probe  
  106  12:00  Probe  
  107  12:04  Probe  
  110  12:08  Probe  
  110  12:13  Probe  
  111  12:18  Probe  
  113  12:34  High Templar x2  
  113  12:35  Zealot x2  
  121  12:38  Probe  
  90  12:56  Archon  
  90  12:57  Stalker x3  
Tags
 
Add a new tag
Caveats
  • Supply blocks, unpowered buildings, or Contaminate may cause inaccurate times.
  • Supply counts are checked every 10 seconds.